 Dungeon Crawl Stone Soup version 0.28.0-47-ge53b351184 (webtiles) character file.

Game seed: 6685665117876663254

41 GigaChad the Covered (level 3, -1/33 HPs)
             Began as a Minotaur Fighter on Apr 28, 2022.
             Slain by a shadow imp (3 damage)
             ... summoned by Natasha
             ... on level 2 of the Dungeon on May 2, 2022.
             The game lasted 00:03:08 (829 turns).

GigaChad the Covered (Minotaur Fighter)              Turns: 829, Time: 00:03:09

Health: -1/33      AC:  7    Str: 20    XL:     3   Next: 32%
Magic:  2/2        EV:  9    Int:  5    God:
Gold:   39         SH:  4    Dex: 11    Spells: 2/2 levels left

rFire   . . .      SeeInvis .   a - +0 long sword
rCold   . . .      Faith    .   c - +0 buckler
rNeg    . . .      Spirit   .   b - +0 scale mail
rPois   .          Reflect  .   (helmet restricted)
rElec   .          Harm     .   (no cloak)
rCorr   .          Rampage  .   (no gloves)
Will    .....                   (no boots)
Stlth   ..........              (no amulet)
HPRegen 0.11/turn               (no ring)
MPRegen 0.08/turn               (no ring)

@: slowed, very slow
A: horns 2, retaliatory headbutt
a: no special abilities


You were on level 2 of the Dungeon.
You visited 1 branch of the dungeon, and saw 2 of its levels.

You collected 39 gold pieces.

Inventory:

Hand Weapons
 a - a +0 long sword (weapon)
Armour
 b - a +0 scale mail (worn)
 c - a +0 buckler (worn)
Magical Staves
 h - a staff of conjuration
Scrolls
 f - a scroll of immolation {unknown}
Potions
 d - a potion of might
 e - a potion of ambrosia {unknown}
 g - 2 potions of brilliance {unknown}


   Skills:
 + Level 3.8 Fighting
 + Level 2.8 Long Blades
 + Level 4.4 Armour
 + Level 4.2 Shields


You had 2 spell levels left.
You didn't know any spells.
Your spell library was empty.

Dungeon Overview and Level Annotations

Branches:
Dungeon (2/15)

Altars:

Annotations:
D:2 Natasha


Innate Abilities, Weirdness & Mutations

You have a pair of horns on your head.
You reflexively headbutt those who attack you in melee.


Message History

The giant cockroach bites you but does no damage.
The giant cockroach closely misses you. The giant cockroach bites you.
You barely miss the giant cockroach.
The giant cockroach is moderately wounded.
The giant cockroach barely misses you. You furiously retaliate!
You headbutt the giant cockroach.
The giant cockroach bites you but does no damage.
You hit the giant cockroach. You headbutt the giant cockroach.
You kill the giant cockroach!
You see here a giant cockroach corpse.
A goblin comes into view. It is wielding a +0 club.
The goblin shouts!
You hit the goblin. You headbutt the goblin.
You kill the goblin!
You feel yourself speed up.
You see here a +0 club.
You see here a +0 club.
You start resting.
Natasha, Servant of Life and Death comes into view.
She is carrying a wand of polymorph (9).
Natasha hisses angrily.
Natasha extends her claws.
Natasha casts a spell.
Natasha stares at you and mumbles some strange words.
You resist with significant effort.
Natasha stares at you and mumbles some strange words.
You feel yourself slow down.
You see here a +0 ring mail.
The shadow imp grins evilly.
You barely miss Natasha. Natasha claws you!
The shadow imp hits you but does no damage.
Natasha claws you.
You hit Natasha.
Natasha is moderately wounded.
The shadow imp gestures at you. Pain shoots through your body!
* * * LOW HITPOINT WARNING * * *
Natasha claws you.
* * * LOW HITPOINT WARNING * * *
The shadow imp hits you.
You die...

# .##
############...
##.....##.....##
##.......5.[....###
#$[.....@h........##
#.......[...........
#................#
#..<.............###
#.....†....)........
#................###
##..............##
##....$##.....##
#####.##.#.....


You could see Natasha and a shadow imp (summoned).

Vanquished Creatures
  Natasha (D:2)
  A ball python (D:1)
  2 bats (D:1)
  3 endoplasms (D:1)
  A giant cockroach (D:2)
  2 goblins
  A hobgoblin (D:1)
  3 kobolds (D:1)
14 creatures vanquished.

Notes
Turn   | Place    | Note
-------+----------+-------------------------------------------
     0 | D:1      | GigaChad the Minotaur Fighter began the quest for the Orb.
     0 | D:1      | Reached XP level 1. HP: 19/19 MP: 0/0
   384 | D:1      | Reached XP level 2. HP: 24/27 MP: 1/1
   632 | D:2      | Noticed Natasha
   656 | D:2      | Killed Natasha
   657 | D:2      | Reached XP level 3. HP: 10/33 MP: 2/2
   820 | D:2      | Noticed Natasha
   829 | D:2      | Slain by a shadow imp

Illustrated notes

Levels and vault maps discovered:
D:1:      shiori_arrival_oz, layout_rooms, minmay_tetromino_l2
D:2:      layout_rooms, uniq_natasha

Skill      XL: |  1  2 |
---------------+-------+-----
Armour         | 4 |  4.4
Shields        | 4 |  4.2
Fighting       | |  3.8
Long Blades    | |  2.8

Action                   || total
-------------------------++-------
Melee: Long sword        ||    25
       Unarmed           ||    19
       Headbutt          ||     2
Armor: Scale mail        ||    12
       Skin              ||     8
Dodge: Dodged            ||    38
Block: Buckler           ||     4
